 Dungeon Crawl Stone Soup version 0.28.0-43-g3370ac3207 (webtiles) character file.

Game seed: 4840204726128229990

491 fragbeetle the Changer (level 6, -1/47 HPs)
             Began as a Draconian Transmuter on Mar 9, 2022.
             Killed by miscasting Spider Form (9 damage)
             ... on level 4 of the Dungeon.
             The game lasted 00:05:53 (4836 turns).

fragbeetle the Changer (Draconian Transmuter)       Turns: 4836, Time: 00:05:53

Health: -1/47      AC:  6    Str: 14    XL:     6   Next: 91%
Magic:  3/9        EV: 12    Int: 13    God:
Gold:   132        SH:  0    Dex: 12    Spells: 1/9 levels left

rFire   . . .      SeeInvis .   e - +3 dagger (speed)
rCold   . . .      Faith    .   (no shield)
rNeg    . . .      Spirit   .   (armour unavailable)
rPois   .          Reflect  .   (helmet restricted)
rElec   .          Harm     .   b - scarf {+Inv}
rCorr   .          Rampage  .   (no gloves)
Will    .....                   (no boots)
Stlth   +.........              (no amulet)
HPRegen 0.15/turn               (no ring)
MPRegen 0.11/turn               (no ring)

@: lethally poisoned (-1 -> -7), very slightly contaminated
A: AC +6, unfitting armour, cold-blooded
a: Evoke Invisibility


You were on level 4 of the Dungeon.
You visited 1 branch of the dungeon, and saw 5 of its levels.

You collected 132 gold pieces.

Inventory:

Hand Weapons
 e - a +3 dagger of speed (weapon)
Missiles
 j - 7 poisoned darts
Armour
 b - a scarf of invisibility (worn)
Magical Staves
 l - a staff of earth
Scrolls
 a - a scroll of teleportation {unknown}
 c - a scroll of brand weapon {unknown}
 d - a scroll of immolation {unknown}
 f - 5 scrolls of identify {unknown}
 g - a scroll of enchant armour {unknown}
Potions
 h - a potion of berserk rage {unknown}
 i - a potion of haste {unknown}
 k - a potion of curing
 m - 2 potions of attraction {unknown}
 n - a potion of lignification {unknown}


   Skills:
 - Level 1.1 Fighting
 - Level 1.7 Dodging
 - Level 3.0 Unarmed Combat
 - Level 2.0 Spellcasting
 + Level 6.8 Transmutations
 + Level 2.8 Ice Magic


You had one spell level left.
You knew the following spells:

 Your Spells              Type           Power      Damage    Failure   Level
a - Beastly Appendage     Tmut           38%        N/A       1%          1
b - Spider Form           Tmut/Pois      10%        N/A       19%         3
c - Ice Form              Ice/Tmut       13%        N/A       34%         4

Your spell library contained the following spells:

 Spells                   Type           Power      Damage    Failure   Level
 Wereblood                Tmut           19%        N/A       2%          2
 Ensorcelled Hibernation  Hex/Ice        8%         N/A       22%         2
 Corpse Rot               Necr/Air       2%         N/A       36%         2
 Poisonous Vapours        Pois/Air       2%         N/A       36%         2
 Anguish                  Hex/Necr       0%         N/A       94%         4


Dungeon Overview and Level Annotations

Branches:
Dungeon (5/15)
 Temple: D:4-7

Altars:
Beogh

Annotations:
D:4 3 runed translucent doors, exclusion: 3 doors, Icepheonix32's ghost, amateur TeFE


Innate Abilities, Weirdness & Mutations

Your plain brown scales are hard. (AC +6)
You cannot fit into any form of body armour.
You are cold-blooded and may be slowed by cold attacks.


Message History

The orc wizard casts a spell at you. The magic dart hits you!
* * * LOW HITPOINT WARNING * * *
You bump into the rock wall.
The orc wizard hits you but does no damage.
The hound zombie closely misses you. The orc wizard casts a spell at you.
You are more confused.
There is a stone staircase leading up here.
Unknown command.
In your confused state, you trip and fall back down the stairs.
* * * LOW HITPOINT WARNING * * *
The orc wizard hits you with a +0 dagger.
* * * LOW HITPOINT WARNING * * *
Unknown command.
Okay, then.
The orc barely misses you.
The orc wizard hits you but does no damage.
You climb upwards.
Level annotation: 3 runed translucent doors, exclusion: 3 doors, Icepheonix32's ghost, amateur TeFE
There is a stone staircase leading down here.
Unknown command.
You're too confused to cast spells.
Unknown command.
It was a potion of curing.
You feel better. The orc closely misses you. The orc wizard closely misses you.
Casting: Spider Form (dangerous; 19% risk of failure)
Confirm with . or Enter, or press ? or * to list all spells.
You miscast Spider Form.
You are very lightly contaminated with residual magic.
Nothing appears to happen.
The orc hits you with a +1 whip of electrocution.
* * * LOW HITPOINT WARNING * * *
The orc wizard closely misses you.
Unknown command.
Casting: Spider Form (dangerous; 19% risk of failure)
Confirm with . or Enter, or press ? or * to list all spells.
You miscast Spider Form.
You feel odd!
You are poisoned.
You die...

#.##.##y..y......
#.##...!.......# ..# #..# .
#..# #. #..# ####### ..
#..##### #...^.. .# #...<..#
#.##### .####### ##.#o##<#
#.# .......### #.###@#.# #.#
.#.........##.#o##.########.#
...#######.##...............#
.#.# #.##..###.##############
##.# #.##..# #...............
...# #.##..##################
##.# #.##.....# # #.#
#.##.###.# # ##.#######.##.#
# #


You could see an orc wizard and an orc.

Vanquished Creatures
  A bullfrog (D:3)
  2 killer bees (D:4)
  2 hounds (D:4)
  Jessica (D:2)
  3 iguanas
  3 gnolls
  5 adders
  An ufetubus (D:4)
  2 worms
  4 dart slugs
  8 orcs
  4 bats
  10 endoplasms
  4 giant cockroaches
  4 goblins
  5 hobgoblins
  11 jackals
  A quokka (D:1)
  3 ball pythons
  A frilled lizard (D:1)
  4 kobolds
  2 rats
81 creatures vanquished.

Notes
Turn   | Place    | Note
-------+----------+-------------------------------------------
     0 | D:1      | fragbeetle the Draconian Transmuter began the quest for the
                  | Orb.
     0 | D:1      | Reached XP level 1. HP: 16/16 MP: 3/3
   220 | D:1      | Reached XP level 2. HP: 21/23 MP: 3/5
   330 | D:1      | Reached skill level 3 in Transmutations
   998 | D:1      | Reached XP level 3. HP: 25/28 MP: 4/6
  1003 | D:1      | Learned a level 3 spell: Spider Form
  1037 | D:2      | Reached skill level 4 in Transmutations
  1280 | D:2      | Reached XP level 4. HP: 35/35 MP: 5/7
  1425 | D:2      | Noticed Jessica
  1430 | D:2      | Killed Jessica
  1511 | D:2      | Reached skill level 5 in Transmutations
  2090 | D:2      | Reached XP level 5. HP: 39/40 MP: 8/8
  2113 | D:2      | Found a faded altar of an unknown god.
  2808 | D:3      | Reached skill level 6 in Transmutations
  2892 | D:3      | Learned a level 4 spell: Ice Form
  2993 | D:3      | Identified the +1 leather armour "Fonwehe" {+Inv Dex+2}
  3620 | D:4      | Reached skill level 1 in Ice Magic
  3620 | D:4      | Reached XP level 6. HP: 47/47 MP: 7/9
  4292 | D:4      | Noticed Icepheonix32's ghost (amateur TeFE)
  4335 | D:4      | Found a runed translucent gate.
  4335 | D:4      | Found a runed translucent gate.
  4335 | D:4      | Found a runed translucent gate.
  4539 | D:5      | Entered Level 5 of the Dungeon
  4831 | D:5      | HP: 2/47 [orc wizard/+0 dagger (3)]
  4836 | D:4      | Killed by miscasting Spider Form

Illustrated notes

Levels and vault maps discovered:
D:1:      tarquinn_simple_flora_water_c, layout_loops_ring
D:2:      layout_basic, hellmonk_ecumenical_altar_defaced_shrine,
          hangedman_decor_clover_reticule, serial_park_tiny_2, uniq_jessica
D:3:      layout_basic
D:4:      layout_loops_ring, gammafunk_ghost_icy, kennysheep_generic_room_11
D:5:      old_forge, layout_loops_ring, uniq_grinder

Skill      XL: |  1  2  3  4  5  6 |
---------------+-------------------+-----
Transmutations | 3 4 5 6 |  6.8
Ice Magic      | 1 2 |  2.8
Fighting       | |  1.1
Dodging        | |  1.7
Unarmed Combat | |  3.0
Spellcasting   | |  2.0

Action                   |  1- 3 |  4- 6 || total
-------------------------+-------+-------++-------
Melee: Unarmed           |    55 |    56 ||   111
       Headbutt          |     6 |    17 ||    23
       Tailslap          |     6 |    17 ||    23
       Kick              |     6 |    20 ||    26
       Dagger            |       |   129 ||   129
       Punch             |       |     1 ||     1
 Cast: Beastly Appendage |    17 |    32 ||    49
       Spider Form       |     1 |     5 ||     6
  Use: Potion            |       |     1 ||     1
 Stab: Sleeping          |     1 |     1 ||     2
Armor: Skin              |    19 |    46 ||    65
Dodge: Dodged            |    27 |    90 ||   117
